 Dungeon Sprint DCSS version 0.31-a0-43-g46d131a48f (webtiles) character file.

Game seed: 15909588818098452220

8300000 bmack86 the Champion of Chaos (level 27, -6/232 (323) HPs)
             Began as a Troll Warper on May 19, 2023.
             Was the Champion of Makhleb.
             Killed from afar by a wretched soul (88 damage)
             ... with a bolt of negative energy
             ... in the Dungeon (Sprint VIII: "Arena of Blood").
             The game lasted 00:09:15 (83 turns).

bmack86 the Champion of Chaos (Troll Warper)          Turns: 83, Time: 00:09:17

HP:   -6/232 (323)  AC:  6    Str: 37    XL:     27
MP:   19/53         EV: 18    Int:  9    God:    Makhleb [******]
Gold: 0             SH:  0    Dex:  9    Spells: 80/80 levels left

rFire   . . .        j - +∞ Axe of Woe
rCold   . . .        (shield currently unavailable)
rNeg    . . .        b - +0 robe
rPois   .            (helmet restricted)
rElec   .            (no cloak)
rCorr   .            (gloves unavailable)
SInv    .            (boots unavailable)
Will    ++...        (no amulet)
Stlth   +++++++++    (no ring)
HPRegen 1.38/turn    (no ring)
MPRegen 0.33/turn

%: no teleportation
@: slowed, very heavily drained, very slow
A: large, unfitting armour, claws 3, regeneration 1, shaggy fur 1, tough skin 1
a: Renounce Religion, Minor Destruction, Lesser Servant of Makhleb, Major
Destruction, Greater Servant of Makhleb


You were in the Dungeon.
You worshipped Makhleb.
Makhleb was exalted by your worship.
You visited 1 branch

Inventory:

Hand Weapons
 a - a +0 hand axe
 j - the +∞ Axe of Woe (weapon)
   (You found it in the Dungeon)
Missiles
 d - 4 boomerangs of dispersal (quivered)
Armour
 b - a +0 robe (worn)
Potions
 e - a potion of curing
 g - a potion of haste
 h - 2 potions of magic
 i - a potion of berserk rage


   Skills:
 O Level 27 Fighting
 + Level 21.0(24.3) Short Blades
 + Level 21.0(24.3) Long Blades
 O Level 27 Axes
 O Level 27 Maces & Flails
 O Level 27 Polearms
 O Level 27 Staves
 O Level 27 Throwing
 O Level 27 Armour
 O Level 27 Dodging
 O Level 27 Stealth
 + Level 22.7 Shields
 O Level 27 Unarmed Combat
 O Level 27 Spellcasting
 + Level 19.4 Conjurations
 + Level 17.9 Hexes
 + Level 19.4 Summonings
 + Level 20.9 Necromancy
 O Level 27 Translocations
 + Level 19.4 Transmutations
 + Level 19.4 Fire Magic
 + Level 19.4 Ice Magic
 + Level 17.9 Air Magic
 + Level 22.7 Earth Magic
 + Level 19.4 Poison Magic
 O Level 27 Invocations
 + Level 19.4 Evocations


You had 80 spell levels left.
You didn't know any spells.
Your spell library contained the following spells:

 Spells                   Type           Power      Damage    Failure   Level
 Blink                    Tloc           100%       N/A       0%          2
 Lesser Beckoning         Tloc           100%       N/A       0%          2
 Teleport Other           Tloc           57%        N/A       0%          3
 Vhi's Electric Charge    Tloc/Air       100%       N/A       0%          3
 Manifold Assault         Tloc           57%        N/A       0%          4


Dungeon Overview and Level Annotations

Branches:
Dungeon (1/1)

Altars:
Makhleb


Innate Abilities, Weirdness & Mutations

You are too large for most types of armour.
You have claws for hands.
Your natural rate of healing is unusually fast.
You are covered in fur. (AC +1)
You have tough skin. (AC +1)


Message History

The destroyer casts a spell at you.
The destroyer blinks!
You hear a shout! x3
The tyrant mumbles some strange words.
The meat berserker rages.
The bag of meat barely misses you.
The dread calls on the powers of darkness!
The meat berserker convulses!
The bag of meat convulses! x2
Your body is wracked with pain!
* * * LOW HITPOINT WARNING * * *
The bag of meat convulses!
You hear a shout!
Your base Short Blades skill increases to level 21!
Your base Long Blades skill increases to level 21!
You slash the bag of meat!
You hew the bag of meat savagely.
You kill the bag of meat!
Makhleb accepts your kill.
You feel better.
You hit the bag of meat. You chop the bag of meat into pieces.
You kill the bag of meat!
Makhleb accepts your kill.
You feel better.
You slice the bag of meat!!
You dissect the bag of meat like a pig carcass.
You kill the bag of meat!
Makhleb accepts your kill.
You feel better.
You slash something!
You butcher something messily.
Makhleb accepts your kill.
You feel better.
You feel a bit more experienced.
The tyrant is engulfed in blazing flames.
You hear a shout! x2
The large abomination is engulfed in blazing flames.
You hear a shout!
A bolt of negative energy appears from out of thin air!
Deactivating autopickup; reactivate with Ctrl-A.
The bolt of negative energy hits you!!!!
You feel drained.
A meat berserker comes into view. It is wielding a +9 battleaxe.
A bolt of negative energy appears from out of thin air!
The bolt of negative energy hits you!!!!
You feel drained.
You die...

##### ### ##.... .=.
...... .. ......##.#
##
....................
###.....##.##.......
......)@X...........
......))).#.#.......
.......§.OLoX.....##
#.....O{O...........
.#.....V..{L○)§...O.
OW.......O)z)XD.o...
...........ooXX.oX..
.....#..).XXL#O.X...
.....#.).)...#..DLz.


You could see 3 tentacled monstrosities, 3 tyrants, an eight-headed meat hydra,
a destroyer, a sculptor of flesh, a large bag of meat (inner flame), 4 large
abominations, a dread, 5 meat berserkers and 3 bags of meat.

Vanquished Creatures
  7 hell beasts (D)
  5 royal mummies (D)
  A wraith (D)
  11 vampire knights (D)
  27 ogres (D)
  4 two-headed ogres (D)
  A lich (D)
  2 phantoms (D)
  50 orcs (D)
  6 skeletal warriors (D)
114 creatures vanquished.

Notes
Turn   | Place    | Note
-------+----------+-------------------------------------------
     0 | D        | Found the +∞ Axe of Woe
     0 | D        | bmack86 the Troll Warper began the quest for the Orb.
     0 | D        | Reached XP level 1. HP: 19/19 MP: 1/1
     2 | D        | Noticed a bag of meat
     3 | D        | Noticed a bag of meat
     4 | D        | Became a worshipper of Makhleb the Destroyer
     5 | D        | Noticed a bag of meat
     6 | D        | Noticed a bag of meat
     7 | D        | Noticed a bag of meat
     7 | D        | Noticed a bag of meat
     8 | D        | Killed a bag of meat
     8 | D        | Noticed a bag of meat
     8 | D        | Noticed a bag of meat
     8 | D        | Noticed a meat berserker
     8 | D        | Noticed a bag of meat
     8 | D        | Noticed a bag of meat
     9 | D        | Reached skill level 10 in Axes
     9 | D        | Reached skill level 15 in Invocations
     9 | D        | Reached XP level 2. HP: 54/54 MP: 1/9
     9 | D        | Reached XP level 3. HP: 62/62 MP: 1/11
     9 | D        | Reached XP level 4. HP: 71/71 MP: 1/12
     9 | D        | Reached XP level 5. HP: 79/79 MP: 1/14
     9 | D        | Reached XP level 6. HP: 88/88 MP: 1/15
     9 | D        | Reached XP level 7. HP: 96/96 MP: 1/17
     9 | D        | Reached XP level 8. HP: 105/105 MP: 1/18
     9 | D        | Reached XP level 9. HP: 113/113 MP: 1/19
     9 | D        | Reached XP level 10. HP: 122/122 MP: 1/20
    10 | D        | Killed a bag of meat
    10 | D        | Reached * piety under Makhleb
    10 | D        | Killed a bag of meat
    10 | D        | Noticed a bag of meat
    10 | D        | Noticed a meat berserker
    11 | D        | Reached XP level 11. HP: 139/139 MP: 1/23
    11 | D        | Reached XP level 12. HP: 148/148 MP: 1/24
    11 | D        | Killed a bag of meat
    11 | D        | Noticed a meat berserker
    11 | D        | Noticed a meat berserker
    11 | D        | Noticed a bag of meat
    11 | D        | Noticed a bag of meat
    12 | D        | Reached XP level 13. HP: 141/161 MP: 1/26
    12 | D        | Killed a meat berserker
    12 | D        | Reached ** piety under Makhleb
    12 | D        | Killed a bag of meat
    12 | D        | Killed a bag of meat
    12 | D        | Noticed a meat berserker
    13 | D        | Reached skill level 15 in Axes
    13 | D        | Reached XP level 14. HP: 180/180 MP: 1/28
    13 | D        | Killed a bag of meat
    13 | D        | Reached *** piety under Makhleb
    13 | D        | Noticed a meat berserker
    13 | D        | Noticed a bag of meat
    13 | D        | Noticed a bag of meat
    13 | D        | Noticed a bag of meat
    14 | D        | Killed a meat berserker
    14 | D        | Killed a bag of meat
    14 | D        | Killed a bag of meat
    14 | D        | Noticed a meat berserker
    14 | D        | Noticed a bag of meat
    14 | D        | Noticed a bag of meat
    14 | D        | Noticed a bag of meat
    15 | D        | Reached XP level 15. HP: 198/198 MP: 2/31
    15 | D        | Killed a meat berserker
    15 | D        | Reached **** piety under Makhleb
    15 | D        | Killed a meat berserker
    16 | D        | Reached skill level 27 in Fighting
    16 | D        | Reached skill level 27 in Invocations
    16 | D        | Reached XP level 16. HP: 217/217 MP: 2/32
    17 | D        | Killed a meat berserker
    17 | D        | Noticed a large bag of meat
    18 | D        | Reached skill level 5 in Dodging
    18 | D        | Reached ***** piety under Makhleb
    18 | D        | Noticed a meat berserker
    19 | D        | Reached skill level 5 in Armour
    19 | D        | Reached skill level 5 in Translocations
    21 | D        | Reached skill level 5 in Stealth
    21 | D        | Reached skill level 5 in Spellcasting
    22 | D        | Reached XP level 17. HP: 226/226 MP: 3/33
    23 | D        | Killed a meat berserker
    24 | D        | Reached skill level 10 in Armour
    24 | D        | Reached skill level 10 in Dodging
    24 | D        | Killed a meat berserker
    24 | D        | Noticed a destroyer
    25 | D        | Reached skill level 10 in Translocations
    25 | D        | Noticed a destroyer
    26 | D        | Killed a meat berserker
    26 | D        | Killed a destroyer
    27 | D        | Reached skill level 10 in Stealth
    27 | D        | Reached skill level 10 in Spellcasting
    27 | D        | Reached XP level 18. HP: 183/236 MP: 4/34
    27 | D        | Killed a large bag of meat
    28 | D        | Reached skill level 27 in Axes
    28 | D        | Reached skill level 15 in Dodging
    28 | D        | Reached ****** piety under Makhleb
    28 | D        | Noticed a meat berserker
    29 | D        | Reached skill level 15 in Armour
    29 | D        | Noticed a large bag of meat
    31 | D        | Noticed a destroyer
    31 | D        | Noticed a meat berserker
    32 | D        | Reached skill level 15 in Translocations
    32 | D        | Killed a meat berserker
    33 | D        | Reached XP level 19. HP: 164/245 MP: 5/36
    33 | D        | Killed a large bag of meat
    34 | D        | Noticed a meat berserker
    34 | D        | Noticed a meat berserker
    35 | D        | Killed a destroyer
    36 | D        | Reached skill level 15 in Stealth
    36 | D        | Reached skill level 15 in Spellcasting
    37 | D        | Killed a meat berserker
    37 | D        | Noticed a destroyer
    38 | D        | Reached XP level 20. HP: 86/256 MP: 6/39
    39 | D        | Killed a destroyer
    39 | D        | Noticed a destroyer
    39 | D        | Noticed a meat berserker
    39 | D        | Noticed a destroyer
    40 | D        | Killed a destroyer
    40 | D        | Killed a destroyer
    40 | D        | Killed a meat berserker
    41 | D        | Noticed a destroyer
    41 | D        | Killed a meat berserker
    42 | D        | Reached XP level 21. HP: 265/265 MP: 7/43
    44 | D        | Killed a destroyer
    46 | D        | Noticed an accursed
    46 | D        | Noticed a destroyer
    46 | D        | Noticed a tyrant
    50 | D        | Killed a destroyer
    51 | D        | Reached skill level 27 in Armour
    51 | D        | Reached skill level 27 in Dodging
    51 | D        | Reached XP level 22. HP: 214/275 MP: 9/47
    51 | D        | Killed a destroyer
    52 | D        | Reached skill level 27 in Translocations
    54 | D        | Reached skill level 10 in Throwing
    54 | D        | Reached skill level 10 in Unarmed Combat
    54 | D        | Noticed an accursed
    55 | D        | Reached skill level 15 in Unarmed Combat
    55 | D        | Reached XP level 23. HP: 284/284 MP: 10/51
    56 | D        | Noticed an accursed
    56 | D        | Noticed an accursed
    57 | D        | Noticed an accursed
    59 | D        | Noticed a destroyer
    60 | D        | Killed a tyrant
    60 | D        | Noticed a destroyer
    61 | D        | Reached skill level 27 in Stealth
    61 | D        | Reached skill level 27 in Spellcasting
    61 | D        | Reached XP level 24. HP: 283/295 MP: 12/53
    61 | D        | Noticed a large bag of meat
    61 | D        | Noticed a meat beast
    62 | D        | Noticed a meat beast
    62 | D        | Noticed a meat beast
    62 | D        | Noticed a meat beast
    63 | D        | Reached skill level 27 in Unarmed Combat
    63 | D        | Killed an accursed
    64 | D        | Reached skill level 27 in Throwing
    64 | D        | Noticed a destroyer
    65 | D        | Killed a meat beast
    65 | D        | Killed an accursed
    65 | D        | Killed an accursed
    65 | D        | Noticed a tyrant
    66 | D        | Reached skill level 27 in Maces & Flails
    66 | D        | Reached skill level 27 in Polearms
    66 | D        | Reached XP level 25. HP: 268/304 MP: 13/53
    66 | D        | Killed a destroyer
    67 | D        | Killed a destroyer
    68 | D        | Reached skill level 27 in Staves
    68 | D        | Reached XP level 26. HP: 236/314 MP: 14/53
    68 | D        | Killed a meat beast
    68 | D        | Killed a meat beast
    68 | D        | Killed a meat beast
    69 | D        | Reached skill level 10 in Hexes
    69 | D        | Reached skill level 10 in Air Magic
    69 | D        | Reached XP level 27. HP: 319/323 MP: 14/53
    70 | D        | Killed an accursed
    70 | D        | Killed an accursed
    70 | D        | Killed a large bag of meat
    70 | D        | Noticed a meat beast
    70 | D        | Noticed a tyrant
    70 | D        | Noticed a large bag of meat
    72 | D        | Reached skill level 15 in Short Blades
    72 | D        | Reached skill level 15 in Long Blades
    72 | D        | Reached skill level 15 in Necromancy
    72 | D        | Noticed a dread
    73 | D        | Noticed a meat beast
    73 | D        | Killed a dread
    73 | D        | Noticed a destroyer
    73 | D        | Noticed a tyrant
    74 | D        | Reached skill level 15 in Poison Magic
    74 | D        | Killed a meat beast
    75 | D        | Killed a meat beast
    75 | D        | Noticed a meat beast
    76 | D        | Reached skill level 15 in Hexes
    76 | D        | Reached skill level 15 in Air Magic
    77 | D        | Noticed a large bag of meat
    77 | D        | Killed a destroyer
    77 | D        | Killed a large bag of meat
    78 | D        | Noticed a destroyer
    78 | D        | Noticed a dread
    81 | D        | Killed a meat beast
    83 | D        | Killed from afar by a wretched soul

Illustrated notes

Levels and vault maps discovered:
D:        meatsprint

Skill      XL: |  1  2  3  4  5  6  7  8  9 10 11 12 13 14 15 16 17 18 19 20 21 22 23 24 25 26 27 |
---------------+----------------------------------------------------------------------------------+-----
Fighting       | 14 17 18 21 24 27 | 27.0
Axes           | 10 12 13 15 18 20 23 26 27 | 27.0
Invocations    | 15 18 20 23 26 27 | 27.0
Armour         | 8 13 17 20 24 27 | 27.0
Dodging        | 8 13 17 20 24 27 | 27.0
Stealth        | 6 10 13 16 19 22 25 27 | 27.0
Spellcasting   | 6 10 14 16 19 22 25 27 | 27.0
Translocations | 8 12 16 19 22 26 27 | 27.0
Throwing       | 14 23 27 | 27.0
Unarmed Combat | 15 25 27 | 27.0
Maces & Flails | 27 | 27.0
Polearms       | 27 | 27.0
Staves         | 18 27 | 27.0
Short Blades   | 3 12 21 | 21.0
Long Blades    | 3 12 21 | 21.0
Shields        | 4 13 22 | 22.7
Conjurations   | 3 11 19 | 19.4
Hexes          | 2 10 17 | 17.9
Summonings     | 3 11 19 | 19.4
Necromancy     | 3 12 20 | 20.9
Transmutations | 3 11 19 | 19.4
Fire Magic     | 3 11 19 | 19.4
Ice Magic      | 3 11 19 | 19.4
Air Magic      | 2 10 17 | 17.9
Earth Magic    | 4 13 22 | 22.7
Poison Magic   | 3 11 19 | 19.4
Evocations     | 3 11 19 | 19.4

Action                     |  1- 3 |  4- 6 |  7- 9 | 10-12 | 13-15 | 16-18 | 19-21 | 22-24 | 25-27 || total
---------------------------+-------+-------+-------+-------+-------+-------+-------+-------+-------++-------
  Melee: Executioner's axe |     1 |       |       |     2 |     4 |    12 |    13 |    13 |    15 ||    60
  Throw: Boomerang         |       |       |       |     1 |       |     2 |       |       |       ||     3
 Invoke: Major Destruction |       |       |       |       |       |     1 |       |       |       ||     1
         Greater Servant o |       |       |       |       |       |     1 |       |       |       ||     1
    Use: Scroll            |       |       |       |       |       |       |     1 |       |     1 ||     2
         Potion            |       |       |       |       |       |       |       |       |     1 ||     1
 Armour: Robe              |       |       |       |       |       |       |     1 |     1 |     4 ||     6
  Dodge: Dodged            |       |       |       |       |     1 |       |     1 |     1 |     2 ||     5

Table legend: (Time is in decaauts)
 A = Elapsed time spent in this place.
 B = Non-inter-level travel time spent in this place.
 C = Inter-level travel time spent in this place.
 D = Time resting spent in this place.
 E = Time spent auto-exploring this place.
 F = Levels seen in this place.
 G = Mean time per level.
                   A        B        C        D        E       F      G
               +--------+--------+--------+--------+--------+-----+--------+
         Total |     76 |     76 |      0 |      0 |      0 |   1 |   76.0 |
       Dungeon |     76 |     76 |      0 |      0 |      0 |   1 |   76.0 |
               +--------+--------+--------+--------+--------+-----+--------+

Top non-repeatable levels by time:
       D: 76 daAuts
